 Dungeon Crawl Stone Soup version 0.27.0-1-g7a089689b8 (webtiles) character file.

Game seed: 13593522450054724911

15 MajorAdolf the Magician (level 2, 5/26 HPs)
             Began as a Naga Wanderer on Aug 8, 2021.
             Quit the game on level 1 of the Dungeon.
             The game lasted 00:01:55 (614 turns).

MajorAdolf the Magician (Naga Wanderer)              Turns: 614, Time: 00:01:55

Health: 5/26       AC:  3    Str: 15    XL:     2   Next: 50%
Magic:  7/7        EV:  7    Int: 13    God:
Gold:   10         SH:  0    Dex:  8    Spells: 9/9 levels left

rFire    . . .     SeeInvis +   a - +2 mace
rCold    . . .     Faith    .   (no shield)
rNeg     . . .     Spirit   .   c - +0 scale mail
rPois    +         Reflect  .   (no helmet)
rElec    .         Harm     .   (no cloak)
rCorr    .         Rampage  .   (no gloves)
Will     .....                  (no barding)
Stlth    ..........             (no amulet)
HPRegen  0.08/turn              (no ring)
MPRegen  0.10/turn              (no ring)

@: short of breath, very slow
A: AC +0, large, see invisible, deformed body, poison resistance, slowness 2,
spit poison 1, naga tail 1
a: Spit Poison


You were on level 1 of the Dungeon.
You visited 1 branch of the dungeon, and saw 1 of its levels.

You collected 10 gold pieces.

Inventory:

Hand Weapons
 a - a +2 mace (weapon)
Armour
 b - a +0 robe
 c - a +0 scale mail (worn)


   Skills:
 - Level 2.0 Fighting
 - Level 1.0 Maces & Flails
 - Level 1.0 Throwing
 + Level 4.2 Spellcasting
 + Level 1.3 Conjurations
 - Level 1.0 Summonings
 - Level 1.0 Evocations


You had 9 spell levels left.
You didn't know any spells.
Your spell library contained the following spells:

 Spells                   Type           Power      Damage    Failure   Level
 Summon Small Mammal      Summ           20%        N/A       50%         1
 Sandblast                Erth           4%         2d4       65%         1
 Call Canine Familiar     Summ           5%         N/A       86%         3
 Stone Arrow              Conj/Erth      8%         3d7       89%         3
 Inner Flame              Hex/Fire       2%         N/A       95%         3
 Cause Fear               Hex            1%         N/A       100%        4
 Discord                  Hex            1%         N/A       100%        8


Dungeon Overview and Level Annotations

Branches:
Dungeon (1/15)

Altars:


Innate Abilities, Weirdness & Mutations

Your serpentine skin is tough. (AC +0)
You have supernaturally acute eyesight. (SInv)
Armour fits poorly on your strangely shaped body.
Your system is resistant to poisons. (rPois)
You cover ground very slowly.
You can spit poison.
You have a snake-like lower body.


Message History

The quokka bites you but does no damage.
You closely miss the quokka.
The quokka is severely wounded.
The quokka bites you. The quokka barely misses you.
You closely miss the quokka.
The quokka is severely wounded.
The quokka barely misses you.
You barely miss the quokka.
The quokka is severely wounded.
The quokka bites you but does no damage.
The quokka barely misses you.
Press: ? - help, Shift-Dir - straight line, f - quokka
Aim: a quokka (severely wounded)
The splash of poison hits the quokka.
The quokka is poisoned.
The quokka is almost dead.
The quokka bites you.
Unknown command.
You hit the quokka.
You kill the quokka!
The endoplasm jiggles.
The jackal closely misses you.
You hit the jackal.
The jackal is severely wounded.
The jackal bites you.
Unknown command.
The jackal bites you. x2
* * * LOW HITPOINT WARNING * * *
You sock the jackal!
You kill the jackal!
The jackal bites you.
* * * LOW HITPOINT WARNING * * *
The jackal bites you but does no damage.
You aren't carrying any potions.
Unknown command.
You aren't carrying any scrolls.
Unknown command.
Unknown command.
Unknown command.
Unknown command.
Are you sure you want to abandon this character and quit the game? (Confirm with "yes".)

.##.....#
###.#.............#
....###.#
#...####..........#
...##[#.###.###
#..........#
...#.##.#...#
##.........#
....##....###
#.#.....#.#
##........##
#[#.....#.#
#.#...###..#
###h........#
(##..## #..#
##h.hh.......#
##..## #..#
#@h##J.....!.#
รท..## #..#
#h####.....#.# #.##
...# #..# ##.?.##.#
#.# .#.. ...##
###h# .# #.# #
##.... #....J ..#
##.## #..r.. ..# #.
#.?...J #.# #
#...... #.#


You could see 6 jackals.

Vanquished Creatures
  2 ball pythons (D:1)
  3 endoplasms (D:1)
  A giant cockroach (D:1)
  A hobgoblin (D:1)
  A jackal (D:1)
  A quokka (D:1)
  3 bats (D:1)
  A frilled lizard (D:1)
  A rat (D:1)
14 creatures vanquished.

Notes
Turn   | Place    | Note
-------+----------+-------------------------------------------
     0 | D:1      | MajorAdolf the Naga Wanderer began the quest for the Orb.
     0 | D:1      | MajorAdolf set off with the following items: a +2 mace, a
                  | +0 robe; and the following spells available to memorise:
                  | Summon Small Mammal, Sandblast, Call Canine Familiar, Stone
                  | Arrow
     0 | D:1      | Reached XP level 1. HP: 19/19 MP: 5/5
   110 | D:1      | Reached skill level 1 in Conjurations
   110 | D:1      | Reached XP level 2. HP: 9/26 MP: 7/7
   614 | D:1      | Quit the game

Illustrated notes

Levels and vault maps discovered:
D:1:      saegor_arrival_simple_c, layout_rooms, minmay_bisected

Skill      XL: |  1 |
---------------+----+-----
Conjurations   | 1 |  1.3
Fighting       | |  2.0
Maces & Flails | |  1.0
Throwing       | |  1.0
Spellcasting   | |  4.2
Summonings     | |  1.0
Evocations     | |  1.0

Action                   || total
-------------------------++-------
Melee: Mace              ||    39
 Abil: Spit Poison       ||     7
  Use: Potion            ||     1
Armor: Scale mail        ||    46
Dodge: Dodged            ||    32
